 Dungeon Crawl Stone Soup version 0.24-a0-282-g1a68c911f0 (webtiles) character file.

Game seed: 14070187921527363234

2039 Kaname the Destroyer (level 9, 57/57 HPs)
             Began as a Demonspawn Wizard on May 2, 2019.
             Was an Initiate of Gozag.
             Quit the game on level 6 of the Dungeon.
             The game lasted 00:30:23 (6885 turns).

Kaname the Destroyer (Demonspawn Wizard)            Turns: 6885, Time: 00:30:24

Health: 57/57      AC:  4    Str:  8    XL:     9   Next: 4%
Magic:  12/15      EV: 12    Int: 22    God:    Gozag
Gold:   554        SH:  0    Dex: 12    Spells: 7/16 levels left

rFire    + . .     SeeInvis .   A - +2 quarterstaff (chaos)
rCold    + . .     Gourm    .   (shield currently unavailable)
rNeg     . . .     Faith    .   a - +0 robe
rPois    .         Spirit   .   b - +0 hat
rElec    .         Reflect  .   u - +0 cloak
rCorr    .         Harm     .   c - +0 pair of gloves
MR       .....                  (no boots)
Stlth    ++........             p - amulet of magic regeneration
HPRegen  0.19/turn              F - ring of protection from fire
MPRegen  0.39/turn              I - ring of protection from cold

@: gold aura
A: hooves 1, demonic guardian 1, powered by death 2, sanguine armour 1
a: Potion Petition, Call Merchant, Bribe Branch, Renounce Religion


You were on level 6 of the Dungeon.
You worshipped Gozag.
Gozag was pleased with you.
You were not hungry.

You visited 2 branches of the dungeon, and saw 7 of its levels.

You collected 689 gold pieces.
You paid 135 gold pieces to Gozag.

Inventory:

Hand Weapons
 A - a +2 quarterstaff of chaos (weapon)
Missiles
 m - 5 javelins (quivered)
 w - 41 poisoned needles
 Q - 97 arrows
Armour
 a - a +0 robe (worn)
 b - a +0 hat (worn)
 c - a +0 pair of gloves (worn)
 u - a +0 cloak (worn)
Magical Staves
 s - an uncursed staff of poison {rPois}
Jewellery
 o - an uncursed ring of flight
 p - an amulet of magic regeneration (around neck)
 F - a ring of protection from fire (left hand)
 I - a ring of protection from cold (right hand)
 J - an uncursed ring of protection from fire
Wands
 i - a wand of clouds (5)
 C - a wand of paralysis (6)
 E - a wand of iceblast (8)
Scrolls
 f - 6 scrolls of remove curse
 h - 3 scrolls of magic mapping {!r}
 j - a scroll of fog {unknown}
 l - 2 scrolls of immolation {unknown}
 q - 4 scrolls of enchant weapon
 t - 7 scrolls of teleportation
 y - a scroll of enchant armour {unknown}
 B - 5 scrolls of blinking {!r}
Potions
 e - a potion of haste {unknown}
 g - a potion of cancellation {unknown}
 k - 2 potions of lignification {!q}
 n - 3 potions of flight
 r - 2 potions of curing
 v - a potion of degeneration {unknown}
 x - a potion of heal wounds {unknown}
 z - 2 potions of might
 D - a potion of ambrosia {unknown}
 H - 2 potions of resistance {unknown}
Comestibles
 d - 14 rations


   Skills:
 - Level 6.0 Staves
 - Level 1.7 Dodging
 + Level 4.4 Stealth
 - Level 4.1 Spellcasting
 - Level 8.2 Conjurations
   Level 1.0 Summonings
 - Level 0.8 Translocations
 + Level 1.0 Poison Magic


You had 7 spell levels left.
You knew the following spells:

 Your Spells              Type           Power        Failure   Level  Hunger
a - Magic Dart            Conj           ####         1%          1    None
b - Blink                 Tloc           N/A          12%         2    #......
c - Conjure Flame         Conj/Fire      ###.....     6%          3    ##.....
x - Mephitic Cloud        Conj/Pois/Air  ###.....     10%         3    ##.....

Your spell library contained the following spells:

 Spells                   Type           Power        Failure   Level  Hunger
 Call Imp                 Summ           #.......     11%         2    #......
 Slow                     Hex            #.......     17%         2    #......


Dungeon Overview and Level Annotations

Branches:
Dungeon (6/15)             Temple (1/1) D:5

Altars:
Ashenzari
Cheibriados
Dithmenos
Fedhas
Gozag
Hepliaklqana
Kikubaaqudgha
Nemelex Xobeh
Qazlal
Ru
Trog
Uskayaw
Vehumet
Wu Jian
Yredelemnul
Zin


Innate Abilities, Weirdness & Mutations

You have large cloven feet.
A weak demonic guardian rushes to your aid.
You regenerate health from kills.
When seriously injured, your bleeding wounds create armour. (AC +0)


Message History

Aim: a centaur (almost dead, confused)
The magic dart hits the centaur but does no damage.
Aim: a centaur (severely wounded, confused)
The magic dart hits the centaur.
Your ufetubus disappears in a puff of smoke!
Aim: a centaur (almost dead, confused)
The magic dart hits the centaur but does no damage.
The centaur grins madly.
You now have 12/14 mp.
Aim: a centaur (almost dead, confused)
The magic dart hits the centaur.
You kill the centaur!
Your Poison Magic skill increases to level 1!
You have reached level 9!
Your experience leads to an increase in your attributes!
Increase (S)trength, (I)ntelligence, or (D)exterity?
You feel clever.
Your demonic ancestry asserts itself...
Your feet thicken and deform.
Health restored: 57 Unknown command.

#.#####...............###.....[.
##..########......####...[.).....
.......##..........# ###..##.....
..........##.#.....####.)........
....(..#####.##........[..)..)...
.......# #...#$...#<....###....
.......#######.......#..........[
...........##(.........)..###.###
...........##.##@###...........##
...................##.###...##)##
............)....#..#.#####..#.##
.................................
#....##....##.###.....#####.#....
#....##.......#######.#####.#....
#................................
#....#.....##########..>.....###.
#..........# #........###.


There were no monsters in sight!

Levels and vault maps discovered:
D:1:      dpeg_arrival_boxes_within_box, layout_loops_corners
D:2:      layout_rooms, minmay_tall_x
D:3:      layout_basic, minivault_27, minmay_joined_circles,
          uniq_crazy_yiuf_cottage
D:4:      layout_cave_pools, first_ration, minmay_gold_behind_fungi
D:5:      layout_cave_pools, minmay_temple_entry_proselytizer,
          chequers_serial_rivers_small_a, uniq_prince_ribbit1, uniq_duvessa
D:6:      layout_rooms, kennysheep_little_box, uniq_edmund, uniq_pikel
Temple:   kilobyte_greek_temple

Notes
Turn   | Place    | Note
-------+----------+-------------------------------------------
     0 | D:1      | Kaname the Demonspawn Wizard began the quest for the Orb.
     0 | D:1      | Reached XP level 1. HP: 13/13 MP: 4/4
    54 | D:1      | Identified a +0 pair of gloves (You found it on level 1 of
                  | the Dungeon)
   150 | D:1      | Identified a +0 club
   334 | D:1      | Identified a +0 short sword
   336 | D:1      | Reached skill level 2 in Conjurations
   449 | D:1      | Gained mutation: When seriously injured, your bleeding
                  | wounds create armour. (AC +0) [demonic ancestry]
   449 | D:1      | Reached XP level 2. HP: 19/19 MP: 6/6
  1086 | D:1      | Identified an amulet of guardian spirit (You found it on
                  | level 1 of the Dungeon)
  1431 | D:2      | Identified a +0 dagger
  1539 | D:2      | Reached skill level 3 in Conjurations
  1539 | D:2      | Reached XP level 3. HP: 15/24 MP: 1/7
  1721 | D:2      | Learned a level 2 spell: Blink
  1725 | D:2      | Learned a level 3 spell: Mephitic Cloud
  1921 | D:2      | Identified a +0 club
  2007 | D:2      | Identified a ring of attention (You found it on level 2 of
                  | the Dungeon)
  2028 | D:2      | Identified an amulet of magic regeneration (You found it on
                  | level 2 of the Dungeon)
  2069 | D:2      | Identified a +0 short sword
  2074 | D:2      | Identified a +0 club
  2079 | D:2      | Reached skill level 4 in Conjurations
  2079 | D:2      | Reached XP level 4. HP: 30/30 MP: 0/8
  2080 | D:2      | Identified a +0 club
  2287 | D:2      | Identified a cursed -2 dagger (You found it on level 2 of
                  | the Dungeon)
  2288 | D:2      | Identified 3 scrolls of enchant weapon
  2435 | D:3      | Identified a +0 hand axe
  2519 | D:3      | Learned a level 3 spell: Conjure Flame
  2534 | D:3      | Identified a cursed +0 robe (You found it on level 3 of the
                  | Dungeon)
  2534 | D:3      | Identified 2 scrolls of remove curse
  2547 | D:3      | Identified a +0 robe
  2561 | D:3      | Identified a +0 dagger
  2580 | D:3      | Identified a +0 club
  2980 | D:3      | Identified a +0 club
  3023 | D:3      | Identified a +0 club
  3023 | D:3      | Identified a +0 hand axe
  3023 | D:3      | Identified a +0 leather armour
  3025 | D:3      | Identified a cursed -1 club
  3028 | D:3      | Reached XP level 5. HP: 35/35 MP: 4/9
  3134 | D:3      | Identified a +0 mace
  3134 | D:3      | Identified a +0 scale mail
  3134 | D:3      | Identified a +0 club
  3134 | D:3      | Identified a +0 club
  3150 | D:3      | Reached skill level 1 in Staves
  3161 | D:3      | Reached skill level 5 in Conjurations
  3523 | D:3      | Identified a +0 hand axe
  3523 | D:3      | Identified a +0 leather armour
  3565 | D:3      | Identified a +0 flail
  3718 | D:3      | Identified a +0 dagger
  3718 | D:3      | Identified a +0 whip
  3938 | D:3      | Identified a +0 dagger
  4058 | D:3      | Identified a +0 club
  4082 | D:3      | Found a runed translucent door.
  4083 | D:3      | Identified a +2 quarterstaff of chaos
  4083 | D:3      | Identified a +0 cloak
  4083 | D:3      | Noticed Crazy Yiuf
  4157 | D:3      | HP: 8/35 [poisoned by Crazy Yiuf]
  4160 | D:3      | Identified 3 potions of curing
  4177 | D:3      | Killed Crazy Yiuf
  4177 | D:3      | Gained mutation: You regenerate a little health from kills.
                  | [demonic ancestry]
  4177 | D:3      | Reached XP level 6. HP: 22/41 MP: 6/10
  4446 | D:4      | Identified a +0 dagger
  4446 | D:4      | Identified a +0 ring mail
  4478 | D:4      | Identified a +0 club
  4478 | D:4      | Identified a cursed +0 scale mail
  4478 | D:4      | Identified a +0 dagger
  4478 | D:4      | Identified a +0 robe
  4479 | D:4      | Identified a +0 dagger
  4479 | D:4      | Identified a +0 robe
  4481 | D:4      | Identified a cursed -1 dagger
  4482 | D:4      | Identified a +0 dagger
  4482 | D:4      | Identified a +0 robe
  4482 | D:4      | Identified a +0 dagger
  4482 | D:4      | Identified a +0 robe
  4483 | D:4      | Identified a cursed -3 club
  4486 | D:4      | Identified a +0 club
  4494 | D:4      | Reached skill level 2 in Staves
  4511 | D:4      | HP: 9/41 [something/magic dart (5)]
  4513 | D:4      | Reached skill level 6 in Conjurations
  4717 | D:4      | Identified a ring of teleportation (You found it on level 4
                  | of the Dungeon)
  4777 | D:4      | Identified a ring of flight (You found it on level 4 of the
                  | Dungeon)
  4899 | D:4      | Gained mutation: A weak demonic guardian rushes to your
                  | aid. [demonic ancestry]
  4899 | D:4      | Reached XP level 7. HP: 30/46 MP: 11/11
  5010 | D:4      | Reached skill level 3 in Staves
  5083 | D:4      | Identified a ring of protection from cold (You found it on
                  | level 4 of the Dungeon)
  5223 | D:5      | Entered Level 5 of the Dungeon
  5226 | D:5      | Found a staircase to the Ecumenical Temple.
  5232 | D:5      | Reached skill level 7 in Conjurations
  5278 | Temple   | Entered the Ecumenical Temple
  5312 | Temple   | Became a worshipper of Gozag Ym Sagoz the Greedy
  5365 | D:5      | Identified a +0 giant spiked club
  5477 | D:5      | Identified a +0 club
  5489 | D:5      | Identified a +0 giant club
  5633 | D:5      | Identified a +0 rapier
  5633 | D:5      | Identified a +0 leather armour
  5633 | D:5      | Noticed Duvessa
  5633 | D:5      | Identified a +0 dagger
  5633 | D:5      | Identified a +0 robe
  5633 | D:5      | Noticed Dowan
  5692 | D:5      | Noticed Prince Ribbit
  5719 | D:5      | Killed Prince Ribbit
  5719 | D:5      | Reached skill level 4 in Staves
  5719 | D:5      | Reached skill level 8 in Conjurations
  5719 | D:5      | Gained mutation: You regenerate health from kills. [demonic
                  | ancestry]
  5719 | D:5      | Reached XP level 8. HP: 19/52 MP: 4/12
  5723 | D:5      | Identified a cursed -1 dagger
  5723 | D:5      | Identified a +0 robe
  5748 | D:5      | Identified a +0 club
  5748 | D:5      | Identified a +0 leather armour
  5768 | D:5      | Killed Duvessa
  5768 | D:5      | Reached skill level 2 in Stealth
  5778 | D:5      | Killed Dowan
  6082 | D:6      | Identified a +0 spear
  6082 | D:6      | Identified a cursed -2 halberd
  6082 | D:6      | Identified a +0 club
  6082 | D:6      | Identified a cursed -3 giant spiked club
  6162 | D:6      | Reached skill level 4 in Spellcasting
  6187 | D:6      | Identified a +1 shortbow of freezing
  6241 | D:6      | Identified 8 scrolls of teleportation
  6246 | D:6      | Identified 6 scrolls of blinking
  6252 | D:6      | Identified 4 scrolls of identify
  6252 | D:6      | Identified 3 scrolls of magic mapping
  6253 | D:6      | Identified 3 potions of flight
  6254 | D:6      | Identified 2 potions of lignification
  6255 | D:6      | Identified 2 potions of might
  6335 | D:6      | Identified a +0 animal skin
  6353 | D:6      | Reached skill level 3 in Stealth
  6363 | D:6      | Identified a +0 animal skin
  6423 | D:6      | Identified a +0 animal skin
  6425 | D:6      | Identified a +0 whip of freezing
  6425 | D:6      | Identified a cursed +0 robe
  6425 | D:6      | Noticed Pikel
  6426 | D:6      | Identified a +0 animal skin
  6444 | D:6      | Identified a +0 flail of protection
  6444 | D:6      | Identified a +0 chain mail
  6444 | D:6      | Noticed Edmund
  6476 | D:6      | Killed Edmund
  6476 | D:6      | Reached skill level 5 in Staves
  6511 | D:6      | Killed Pikel
  6511 | D:6      | Reached skill level 6 in Staves
  6511 | D:6      | Reached skill level 4 in Stealth
  6731 | D:6      | Identified a ring of protection from fire (You found it on
                  | level 6 of the Dungeon)
  6786 | D:6      | Found a shattered altar of Ashenzari.
  6882 | D:6      | Reached skill level 1 in Poison Magic
  6882 | D:6      | Gained mutation: You have large cloven feet. [demonic
                  | ancestry]
  6882 | D:6      | Reached XP level 9. HP: 57/57 MP: 11/15
  6885 | D:6      | Quit the game

Table legend:
 A = Turns spent in this place as a percentage of turns spent in the entire game.
 B = Non-inter-level travel turns spent in this place as a percentage of non-inter-level travel turns spent in the entire game.
 C = Inter-level travel turns spent in this place as a percentage of turns spent in this place.
 D = Turns resting spent in this place as a percentage of non-inter-level travel turns spent in this place.
 E = Turns spent auto-exploring this place as a percentage of non-inter-level travel turns spent in this place.
 F = Non-inter-level travel turns spent in this place divided by the number of levels of this place that you've seen.
                   A       B       C       D       E      F
               +-------+-------+-------+-------+-------+----------------------
         Total | 100.0 | 100.0 |   3.2 |   0.8 |  77.6 | 952.6
       Dungeon |  99.0 |  99.5 |   2.7 |   0.8 |  78.0 | 1105.3
        Temple |   1.0 |   0.5 |  46.3 |   0.0 |   0.0 |  36.0
               +-------+-------+-------+-------+-------+----------------------

Table legend:
 A = Kills in this place as a percentage of kills in entire the game.
 B = Kills by you in this place as a percentage of kills by you in the entire game.
 C = Kills by friends in this place as a percentage of kills by friends in the entire game.
 D = Other kills in this place as a percentage of other kills in the entire game.
 E = Experience gained in this place as a percentage of experience gained in the entire game.
 F = Experience gained in this place divided by the number of levels of this place that you have seen.
                   A       B       C       D       E      F
               +-------+-------+-------+-------+-------+----------------------
         Total | 100.0 | 100.0 | 100.0 | 100.0 | 100.0 | 416.1
       Dungeon | 100.0 | 100.0 | 100.0 | 100.0 | 100.0 | 485.5
               +-------+-------+-------+-------+-------+----------------------

Skill      XL: |  1  2  3  4  5  6  7  8 |
---------------+-------------------------+-----
Conjurations   | 2 3 4 5 6 8 |  8.2
Staves         | 1 2 4 6 |  6.0
Stealth        | 4 |  4.4
Spellcasting   | 4 |  4.1
Poison Magic   | 1 |  1.0
Dodging        | |  1.7
Summonings     | |  1.0
Translocations | |  0.8

Action                   |  1- 3 |  4- 6 |  7- 9 || total
-------------------------+-------+-------+-------++-------
Melee: Unarmed           |     4 |       |       ||     4
       Short sword       |    57 |    96 |       ||   153
       Quarterstaff      |       |    34 |    84 ||   118
 Cast: Magic Dart        |    63 |   111 |   139 ||   313
       Mephitic Cloud    |       |     8 |     9 ||    17
       Blink             |       |     1 |     1 ||     2
Evoke: Wand              |       |       |     3 ||     3
  Use: Scroll            |       |     3 |     6 ||     9
       Potion            |       |     2 |     1 ||     3
 Stab: Sleeping          |     2 |       |       ||     2
       Confused          |       |     3 |     3 ||     6
       Paralysed         |       |       |     6 ||     6
       Distracted        |       |       |     1 ||     1
  Eat: Chunk             |     4 |     6 |       ||    10
       Ration            |       |     1 |     2 ||     3
Armor: Robe              |    33 |    36 |    27 ||    96
Dodge: Dodged            |    53 |    89 |    52 ||   194

Vanquished Creatures
  Edmund (D:6)
  3 slaves (D:6)
  A black bear (D:6)
  A phantom (D:4)
  A centaur (D:6)
  An ogre (D:5)
  A bullfrog (D:6)
  Dowan (D:5)
  2 crimson imps
  2 hounds (D:4)
  Crazy Yiuf (D:3)
  4 orc priests
  5 orc wizards
  An iguana (D:3)
  2 worker ants
  A hound skeleton (D:6)
  13 adders
  3 gnolls (D:6)
  4 oozes
  3 worms
  2 dart slugs
  7 leopard geckos
  13 orcs
  3 ball pythons
  9 bats
  4 giant cockroaches
  6 goblins
  11 hobgoblins
  A jackal (D:3)
  9 kobolds
  6 quokkas
  4 frilled lizards
  A leopard gecko skeleton (D:4)
  6 rats
133 creatures vanquished.

Vanquished Creatures (collateral kills)
  Pikel (D:6)
  Prince Ribbit (D:5)
  Duvessa (D:5)
  A slave (D:6)
  2 ogres
  A bullfrog skeleton (D:6)
  A worker ant (D:6)
  An adder skeleton (D:6)
  An orc (D:5)
10 creatures vanquished.

Vanquished Creatures (others)
  4 toadstools (D:4)
4 creatures vanquished.

Grand Total: 147 creatures vanquished
